Match 46958433
Unlisted

Match 46958433
End
Construct Infanterie Kompanie
Selects Mechanized Battlegroup
Selects Mechanized Battlegroup
MG 42 Machine Gun Team
GrW 34 Mortar Team
Grenadier Squad
Kettenkrad Recon Vehicle
MG 42 Machine Gun Team
Construct Luftwaffe Kompanie
Jäger Squad
Jäger Squad
Selects Raid Package
Medical Station
221 Scout Car
Selects StuG Assault Group
StuG Assault Group
Selects Mobile Repair Stations
Selects Wespe Self-propelled Artillery
Wespe Self-propelled Artillery
Construct Panzer Kompanie
Pioneer Squad
221 Scout Car
StuG Assault Group
Selects UNKNOWN (2160084)
Construct Panzer Kompanie
estsularus
loner
SerKar
Malkuth
Psychedelic_Frog
fallenseraph0212
BulexFox
Zebra
0
0

Comments sign in to comment!

No comments posted yet!